 Dungeon Crawl Stone Soup version 0.26.1-10-gdfb7c7de75 (webtiles) character file.

Game seed: 10739815349357900795

11118 MalarOregon the Ducker (level 12, -1/79 HPs)
             Began as a Halfling Warper on Apr 4, 2021.
             Was a Priest of Nemelex Xobeh.
             Slain by a komodo dragon (31 damage)
             ... on level 1 of the Lair of Beasts.
             The game lasted 00:31:22 (12467 turns).

MalarOregon the Ducker (Halfling Warper)           Turns: 12467, Time: 00:31:22

Health: -1/79      AC:  6    Str: 27    XL:     12   Next: 3%
Magic:  17/17      EV: 24    Int: 11    God:    Nemelex Xobeh [***...]
Gold:   464        SH:  6    Dex: 15    Spells: 15/15 levels left

rFire    . . .     SeeInvis .   a - +2 falchion (freeze)
rCold    . . .     Faith    .   m - +0 buckler
rNeg     . . .     Spirit   .   O - +0 leather armour of Heyhas {Will+}
rPois    .         Reflect  .   l - +0 helmet
rElec    .         Harm     .   (no cloak)
rCorr    .         Rampage  .   H - +0 pair of gloves
Will     +++..                  (no boots)
Stlth    +++.......             e - amulet of regeneration
HPRegen  0.63/turn              G - ring "Ojuenges" {*Contam Will++ EV+4 Str+5}
MPRegen  0.15/turn              w - +6 ring of strength

@: no status effects
A: small, mutation resistance 1
a: Renounce Religion, Draw Escape, Draw Destruction, Draw Summoning, Triple Draw


You were on level 1 of the Lair of Beasts.
You worshipped Nemelex Xobeh.
Nemelex Xobeh was most pleased with you.
You visited 3 branches of the dungeon, and saw 12 of its levels.

You collected 464 gold pieces.

Inventory:

Hand Weapons
 a - a +2 falchion of freezing (weapon)
   (You found it on level 2 of the Dungeon)
 b - a +0 hunting sling
   (You found it on level 1 of the Dungeon)
 F - a +0 falchion of holy wrath
   (You took it off an orc on level 8 of the Dungeon)
 L - a +0 dagger of draining
   (You took it off an orc wizard on level 7 of the Dungeon)
 R - a +2 dagger of venom
   (You took it off Maurice on level 9 of the Dungeon)
 U - a +4 falchion
   (You took it off an orc on level 9 of the Dungeon)
Missiles
 f - 391 stones
 r - 50 sling bullets
 x - 5 boomerangs of dispersal {!f}
 B - 4 silver boomerangs
 I - 3 throwing nets {!f}
 J - 7 curare-tipped darts {!f}
 T - 18 poisoned darts (quivered)
 V - 2 datura-tipped darts
 W - 4 atropa-tipped darts
 X - 5 boomerangs
Armour
 l - a +0 helmet (worn)
   (You found it on level 9 of the Dungeon)
 m - a +0 buckler (worn)
   (You found it on level 8 of the Dungeon)
 H - a +0 pair of gloves (worn)
   (You found it on level 6 of the Dungeon)
 O - the +0 leather armour of Heyhas (worn) {Will+}
   (You found it on level 8 of the Dungeon)

   It affects your willpower, your defense against some magical effects.
 P - a +0 cloak
   (You took it off Maurice on level 9 of the Dungeon)
Jewellery
 e - an amulet of regeneration (around neck)
   (You took it off a goblin on level 3 of the Dungeon)
 w - a +6 ring of strength (right hand)
   (You found it on level 3 of the Dungeon)
 E - an uncursed ring of poison resistance
   (You found it on level 5 of the Dungeon)
 G - the ring "Ojuenges" (left hand) {*Contam Will++ EV+4 Str+5}
   (You found it on level 6 of the Dungeon)

   [ring of evasion]

   It affects your evasion (+4).
   It affects your strength (+5).
   It affects your willpower, your defense against some magical effects.
   It causes magical contamination when unequipped.
Wands
 c - a wand of disintegration (15)
   (You found it on level 9 of the Dungeon)
 d - a wand of iceblast (4)
   (You took it off Maurice on level 9 of the Dungeon)
 u - a wand of paralysis (12)
   (You found it on level 7 of the Dungeon)
Scrolls
 h - 4 scrolls of magic mapping {unknown}
 i - 2 scrolls of enchant weapon {unknown}
 j - 8 scrolls of remove curse {@r2}
 k - a scroll of immolation {!r}
 o - 3 scrolls of amnesia {unknown}
 v - 5 scrolls of teleportation {unknown}
 A - 4 scrolls of fog {unknown}
 D - 2 scrolls of fear {unknown}
 M - a scroll of enchant armour {unknown}
 N - a scroll of brand weapon {unknown}
 Q - a scroll of blinking
Potions
 g - 3 potions of resistance
 n - 3 potions of heal wounds {@q2}
 p - 2 potions of lignification {!q}
 q - 2 potions of ambrosia {unknown}
 s - 2 potions of might
 y - a potion of brilliance
 z - a potion of mutation {!q}
 C - 2 potions of curing {@q1}
 K - a potion of cancellation
 S - 4 potions of attraction {!q}


   Skills:
 - Level 6.0 Fighting
 + Level 7.2 Long Blades
 + Level 7.1 Throwing
 + Level 7.6 Armour
 + Level 7.9 Dodging
 - Level 6.0 Stealth
 - Level 5.6 Shields
 - Level 2.0 Spellcasting
 - Level 4.0 Translocations
 - Level 7.0 Invocations


You had 15 spell levels left.
You didn't know any spells.
Your spell library contained the following spells:

 Spells                   Type           Power        Failure   Level
 Blink                    Tloc           N/A          10%         2
 Gell's Gravitas          Tloc           4%           19%         3
 Lesser Beckoning         Tloc           4%           19%         3
 Teleport Other           Tloc           9%           19%         3
 Magic Dart               Conj           4%           32%         1
 Summon Small Mammal      Summ           4%           32%         1
 Call Imp                 Summ           1%           43%         2
 Slow                     Hex            1%           43%         2
 Passage of Golubria      Tloc           N/A          52%         4
 Call Canine Familiar     Summ           1%           67%         3
 Conjure Flame            Conj/Fire      1%           67%         3
 Mephitic Cloud           Conj/Pois/Air  1%           67%         3
 Summon Guardian Golem    Hex/Summ       1%           67%         3
 Summon Ice Beast         Ice/Summ       1%           97%         4
 Summon Lightning Spire   Summ/Air       1%           97%         4


Dungeon Overview and Level Annotations

Branches:
Dungeon (10/15)            Temple (1/1) D:6            Lair (1/6) D:10
    Orc (0/2) D:10

Altars:
Ashenzari
Cheibriados
Dithmenos
Elyvilon
Fedhas
Gozag
Hepliaklqana
Kikubaaqudgha
Makhleb
Nemelex Xobeh
Okawaru
Qazlal
Ru
Sif Muna
Trog
Uskayaw
Vehumet
Wu Jian
Xom
Yredelemnul
Zin
The Shining One

Shops:
D:8 =

Annotations:
D:7 3 runed translucent doors, raph's ghost, novice DEEE
D:8 2 runed translucent doors, kthxbai's ghost, novice DrEE


Innate Abilities, Weirdness & Mutations

You are small and have problems with some larger weapons.
You are somewhat resistant to further mutation.


Message History

You hit the cane toad.
The cane toad seems to slow down.
You freeze the cane toad. You hit the cane toad. You freeze the cane toad.
You kill the cane toad!
The yak gores you!
* * * LOW HITPOINT WARNING * * *
You have reached level 12!
Your experience leads to an increase in your attributes!
Your base attributes are Str 15, Int 11, Dex 15.
Increase (S)trength, (I)ntelligence, or (D)exterity?
You feel stronger.
Okay, then.
Okay, then.
Okay, then.
Okay, then.
Throw: 23 darts (poison)
Aim: a komodo dragon (moderately wounded, 72% to hit)
You throw a poisoned dart. The poisoned dart hits the yak!
The yak is poisoned.
Throw: 22 darts (poison)
Aim: a komodo dragon (moderately wounded, 72% to hit)
You throw a poisoned dart. The poisoned dart hits the yak.
The yak looks even sicker.
The yak misses you.
Throw: 21 darts (poison)
Aim: a komodo dragon (moderately wounded, 72% to hit)
You throw a poisoned dart. The poisoned dart hits the yak!
The yak looks as sick as possible!
You hit the yak. You freeze the yak. The yak gores you!
* * * LOW HITPOINT WARNING * * *
You slash the yak! You freeze the yak. You block the yak's attack.
The yak gores the plant!
The plant begins to die.
You hit the yak but do no damage. The yak gores you but does no damage.
The yak gores the plant!
You completely miss the yak. The yak misses you.
The yak gores the plant.
You hit the yak. You freeze the yak.
You kill the yak!
Throw: 20 darts (poison)
Aim: a komodo dragon (moderately wounded, 72% to hit)
You throw a poisoned dart.
The poisoned dart barely misses the komodo dragon.
The poisoned dart closely misses the komodo dragon.
You block the komodo dragon's attack.
Throw: 19 darts (poison)
Aim: a komodo dragon (moderately wounded, 72% to hit)
You throw a poisoned dart.
The poisoned dart hits the komodo dragon!
The komodo dragon is poisoned.
The komodo dragon bites you!!
You die...
Your body disappears without a glow.

.....<.......##...#
##.####..##..†#.(#
#### #....#..#...##
# ##..#####....#
#..## ##..## #
##...# #PY.# #
#P...# #Yl## #
##(.## ##l# #.(#
##@# ###(.# #..#
#####....#######.#
.................##
#.P##.#.#P##P#.##.#
###################


You could see 2 komodo dragons and 2 yaks.

Vanquished Creatures
  Harold (D:9)
  Fannar (D:10)
  A two-headed ogre (D:8)
  Pikel (D:8)
  Maurice (D:9)
  Psyche (D:9)
  A gargoyle (D:10)
  2 cane toads (Lair:1)
  Maggie (D:10)
  A komodo dragon (D:10)
  6 slime creatures (D:8)
  Sigmund (D:6)
  A yak (Lair:1)
  Menkaure (D:6)
  A water moccasin (Lair:1)
  8 orc warriors
  5 ice beasts
  A black bear (D:10)
  An ogre (D:3)
  A phantom (D:9)
  2 sky beasts
  3 lemures
  3 centaurs
  A gnoll sergeant (D:4)
  9 bullfrogs
  A wyvern skeleton (D:10)
  2 scorpions (D:10)
  4 wights (D:7)
  2 electric eels (D:10)
  2 howler monkeys (D:9)
  4 hounds
  4 jellies
  10 orc priests
  14 orc wizards
  A bullfrog skeleton (D:7)
  2 centaur zombies
  Terence (D:2)
  2 iguanas
  5 worker ants
  2 hound zombies (D:9)
  A howler monkey zombie (D:7)
  2 worker ant zombies (D:6)
  10 gnolls
  8 adders
  3 shadow imps
  3 white imps
  2 ufetubi
  An adder zombie (D:8)
  2 worms
  3 leopard geckos
  41 orcs
  3 ball pythons
  7 giant cockroaches
  4 goblins
  5 hobgoblins
  12 jackals
  7 kobolds
  3 quokkas
  7 bats
  2 frilled lizards
  A quokka skeleton (D:4)
  5 rats
243 creatures vanquished.

Vanquished Creatures (collateral kills)
  An orc warrior (D:10)
  An orc wizard (D:10)
  4 orcs (D:10)
6 creatures vanquished.

Vanquished Creatures (others)
  An adder (D:6)
  9 fungi
  10 plants
20 creatures vanquished.

Grand Total: 269 creatures vanquished

Notes
Turn   | Place    | Note
-------+----------+-------------------------------------------
     0 | D:1      | MalarOregon the Halfling Warper began the quest for the
                  | Orb.
     0 | D:1      | Reached XP level 1. HP: 14/14 MP: 3/3
   291 | D:1      | Reached XP level 2. HP: 11/19 MP: 4/4
   970 | D:1      | Reached XP level 3. HP: 24/24 MP: 5/5
  1500 | D:2      | Reached skill level 1 in Stealth
  1526 | D:2      | You fall into a shaft and drop 2 floors!
  1771 | D:3      | Noticed Terence
  1809 | D:2      | Reached XP level 4. HP: 16/29 MP: 6/6
  2257 | D:2      | Killed Terence
  2343 | D:3      | Reached XP level 5. HP: 34/34 MP: 6/8
  2949 | D:4      | Noticed an ogre
  3048 | D:3      | Killed an ogre
  3049 | D:3      | Reached XP level 6. HP: 33/41 MP: 9/9
  3260 | D:4      | Found a sparkling altar of Nemelex Xobeh.
  3264 | D:4      | Became a worshipper of Nemelex Xobeh the Trickster
  3867 | D:5      | Entered Level 5 of the Dungeon
  4108 | D:4      | Found a sparkling altar of Nemelex Xobeh.
  4260 | D:4      | Reached skill level 1 in Invocations
  4260 | D:4      | Reached XP level 7. HP: 12/45 MP: 10/10
  4632 | D:5      | Found a burning altar of Makhleb.
  4633 | D:5      | Reached * piety under Nemelex Xobeh
  5500 | D:5      | Reached XP level 8. HP: 52/52 MP: 11/11
  5903 | D:6      | Found a glowing silver altar of Zin.
  5903 | D:6      | Noticed an angel
  5915 | D:6      | Noticed Menkaure
  5925 | D:6      | Killed Menkaure
  5931 | D:6      | You fall into a shaft and drop 2 floors!
  6133 | D:7      | Received a gift from Nemelex Xobeh
  6167 | D:6      | Noticed Sigmund
  6169 | D:6      | Found a staircase to the Ecumenical Temple.
  6236 | D:6      | Got a coiled marble ring
  6238 | D:6      | Identified the ring "Ojuenges" {*Contam Will++ EV+4 Str+5}
                  | (You found it on level 6 of the Dungeon)
  6419 | D:6      | Killed Sigmund
  6420 | D:6      | Reached skill level 1 in Shields
  6420 | D:6      | Reached XP level 9. HP: 30/58 MP: 12/12
  6576 | D:6      | Found an iron altar of Okawaru.
  6576 | D:6      | Found a glowing golden altar of the Shining One.
  6576 | D:6      | Found a snail-covered altar of Cheibriados.
  6596 | D:6      | Found a stormy altar of Qazlal.
  6743 | Temple   | Entered the Ecumenical Temple
  7392 | D:7      | Found a runed translucent gate.
  7393 | D:7      | Found a runed translucent gate.
  7395 | D:7      | Found a runed translucent gate.
  7395 | D:7      | Noticed raph's ghost (novice DEEE)
  7566 | D:7      | Reached skill level 5 in Dodging
  7808 | D:7      | Reached skill level 5 in Stealth
  7850 | D:7      | Received a gift from Nemelex Xobeh
  8011 | D:8      | Reached ** piety under Nemelex Xobeh
  8159 | D:8      | Noticed a slime creature
  8160 | D:8      | Noticed a slime creature
  8160 | D:8      | Noticed a slime creature
  8160 | D:8      | Noticed a slime creature
  8186 | D:8      | Killed a slime creature
  8288 | D:8      | Killed a slime creature
  8289 | D:8      | Reached skill level 5 in Armour
  8339 | D:8      | Killed a slime creature
  8340 | D:8      | Reached skill level 5 in Long Blades
  8340 | D:8      | Reached XP level 10. HP: 34/65 MP: 13/13
  8503 | D:8      | Reached skill level 5 in Throwing
  8547 | D:8      | Found a large runed translucent door.
  8549 | D:8      | Found a large runed translucent door.
  8551 | D:8      | Noticed a two-headed ogre
  8663 | D:8      | Killed a two-headed ogre
  8664 | D:8      | Reached skill level 5 in Fighting
  8664 | D:8      | Reached skill level 5 in Invocations
  8711 | D:8      | Noticed kthxbai's ghost (novice DrEE)
  8723 | D:8      | Got a pair of dazzling boots
  8747 | D:8      | Found Udov's Jewellery Shoppe.
  8974 | D:8      | Got an encrusted leather armour
  8985 | D:8      | Identified the +0 leather armour of Heyhas {Will+} (You
                  | found it on level 8 of the Dungeon)
  8990 | D:8      | Identified the -5 pair of boots of Disappointment {Str+2}
                  | (You found it on level 8 of the Dungeon)
  9518 | D:9      | Received a gift from Nemelex Xobeh
  9543 | D:9      | Noticed Maurice
  9588 | D:9      | Killed Maurice
  9736 | D:9      | Noticed Pikel
  9778 | D:8      | Killed Pikel
  9855 | D:9      | Reached *** piety under Nemelex Xobeh
  9927 | D:9      | Noticed Harold
  9948 | D:9      | Noticed Psyche
  9961 | D:9      | Killed Harold
  9962 | D:9      | Reached XP level 11. HP: 58/72 MP: 15/15
  9972 | D:9      | Killed Psyche
  9973 | D:9      | Reached skill level 5 in Shields
 10585 | D:9      | You fall into a shaft and drop 1 floor!
 10585 | D:10     | Entered Level 10 of the Dungeon
 10700 | D:10     | Received a gift from Nemelex Xobeh
 11168 | D:10     | Found a staircase to the Orcish Mines.
 11348 | D:10     | Found a staircase to the Lair.
 11515 | D:10     | Noticed Fannar
 11535 | D:10     | Killed Fannar
 11818 | D:10     | Received a gift from Nemelex Xobeh
 11839 | D:10     | Noticed Maggie
 11865 | D:10     | Killed Maggie
 12195 | Lair:1   | Entered Level 1 of the Lair of Beasts
 12452 | Lair:1   | Reached XP level 12. HP: 30/79 MP: 17/17
 12467 | Lair:1   | Slain by a komodo dragon

Illustrated notes

Levels and vault maps discovered:
D:1:      eino_arrival_druids_welcome, layout_loops_corners
D:2:      layout_basic
D:3:      layout_loops_ring, uniq_terence
D:4:      layout_basic, minivault_24, nemelex_lonely_heart_becter
D:5:      layout_cave_pools, makhleb_blood_cavern_becter, minivault_24
D:6:      layout_rooms, grunt_temple_overflow_cloverleaf, zin_angel,
          minmay_temple_entry_sparse_star, uniq_menkaure, uniq_sigmund
D:7:      layout_basic, gammafunk_ghost_nasty_kobolds
D:8:      layout_basic, serial_shops, shop_fountains,
          ebering_ghost_disaster_area, kennysheep_decorative_pillar
D:9:      layout_big_octagon, uniq_harold, uniq_maurice, uniq_pikel, uniq_psyche
D:10:     layout_loops_ring, grunt_lair_entry_orc_guard_hut, erik_orc_2,
          chequers_serial_rivers_small_b, due_unseen_surprise, uniq_maggie,
          uniq_fannar
Temple:   regret_index_temple_sphere_string
Lair:1:   layout_chaotic_city, beast_lair_carwin_11,
          infiniplex_staircase_pool_2, lemuel_fruit_tree

Skill      XL: |  1  2  3  4  5  6  7  8  9 10 11 |
---------------+----------------------------------+-----
Fighting       | 2 3 4 5 6 |  6.0
Stealth        | 1 2 3 4 5 6 |  6.0
Spellcasting   | 2 |  2.0
Throwing       | 2 3 4 5 7 |  7.1
Armour         | 2 3 4 5 6 7 |  7.6
Translocations | 4 |  4.0
Dodging        | 3 4 5 6 7 |  7.9
Long Blades    | 3 4 5 6 7 |  7.2
Invocations    | 1 2 3 4 5 7 |  7.0
Shields        | 1 3 4 5 |  5.6

Action                   |  1- 3 |  4- 6 |  7- 9 | 10-12 || total
-------------------------+-------+-------+-------+-------++-------
Melee: Falchion          |    68 |    58 |   272 |   433 ||   831
       Dagger            |       |       |       |    12 ||    12
 Fire: Hunting sling     |    19 |    54 |   111 |    15 ||   199
Throw: Stone             |    14 |       |       |     5 ||    19
       Dart              |       |       |       |    94 ||    94
       Boomerang         |       |       |       |    14 ||    14
Evoke: Wand              |       |       |       |    16 ||    16
  Use: Scroll            |       |       |    12 |       ||    12
       Potion            |       |       |       |     2 ||     2
 Stab: Sleeping          |     1 |     3 |     6 |     7 ||    17
       Invisible         |       |       |       |     2 ||     2
Armor: Leather armour    |    22 |    12 |    27 |    43 ||   104
Dodge: Dodged            |    68 |    56 |   259 |   331 ||   714
Block: Buckler           |       |       |    38 |   118 ||   156
       Rpst.: Falchion   |    22 |    10 |    67 |    86 ||   185
       Long sword        |       |       |     1 |       ||     1
